 Dungeon Crawl Stone Soup version 0.27-a0-592-g0306a34022 (webtiles) character file.

Game seed: 9705747398821486480

3864 sahdkjhfkaj the Fighter (level 10, 0/119 HPs)
             Began as an Ogre Berserker on Mar 11, 2021.
             Was an Elder of Trog.
             Slain by a hornet (4 damage)
             ... on level 7 of the Dungeon.
             The game lasted 00:05:25 (10399 turns).

sahdkjhfkaj the Fighter (Ogre Berserker)           Turns: 10399, Time: 00:05:26

Health: 0/119      AC:  9    Str: 26    XL:     10   Next: 19%
Magic:  19/19      EV: 10    Int:  8    God:    Trog [****..]
Gold:   664        SH:  0    Dex:  8    Spells: 9/9 levels left

rFire    + . .     SeeInvis .   a - +0 dire flail (venom)
rCold    + + .     Faith    .   (shield currently unavailable)
rNeg     . . .     Spirit   .   u - +2 robe {rC+}
rPois    .         Reflect  .   (helmet restricted)
rElec    .         Harm     .   p - scarf {rC+ rF+}
rCorr    .         Rampage  .   (gloves unavailable)
Will     +....                  (boots unavailable)
Stlth    +.........             (no amulet)
HPRegen  0.29/turn              l - +4 ring of protection
MPRegen  0.16/turn              j - ring of magical power

@: berserk cooldown, slowed, very slow
A: large, unfitting armour, tough skin 1
a: Renounce Religion, Berserk, Trog's Hand, Brothers in Arms


You were on level 7 of the Dungeon.
You worshipped Trog.
Trog was greatly pleased with you.
You visited 1 branch of the dungeon, and saw 8 of its levels.

You collected 664 gold pieces.

Inventory:

Hand Weapons
 a - a +0 dire flail of venom (weapon)
Missiles
 h - 2 boomerangs
 n - 15 poisoned darts
Armour
 f - a scarf of resistance
 p - a scarf of resistance (worn)
 u - a +2 robe of cold resistance (worn)
 x - a scarf of resistance
Jewellery
 b - a ring of positive energy
 j - a ring of magical power (left hand)
 l - a +4 ring of protection (right hand)
Wands
 d - a wand of digging (5)
 e - a wand of charming (9)
 i - a wand of iceblast (10)
 q - a wand of flame (14)
 r - a wand of random effects (33)
Scrolls
 k - 2 scrolls of magic mapping {unknown}
 m - 4 scrolls of fear {unknown}
 v - a scroll of enchant armour {unknown}
 w - a scroll of enchant weapon {unknown}
 D - 3 scrolls of blinking
 F - 4 scrolls of fog
 K - 7 scrolls of immolation
 Y - 7 scrolls of teleportation {@r3}
 Z - a scroll of identify {@r1}
Potions
 c - 2 potions of berserk rage {unknown}
 g - 3 potions of haste {unknown}
 o - a potion of invisibility {unknown}
 s - a potion of lignification {unknown}
 t - a potion of mutation {unknown}


   Skills:
 - Level 13.2 Fighting
 + Level 9.8 Maces & Flails
 - Level 2.6 Dodging


You had 9 spell levels left.
You didn't know any spells.
Your spell library was empty.

Dungeon Overview and Level Annotations

Branches:
Dungeon (8/15)             Temple (0/1) D:5
   Lair: D:8-11

Altars:
Cheibriados
Elyvilon
Fedhas
Hepliaklqana
Okawaru
Ru
Sif Muna
Trog
Vehumet
Xom
Yredelemnul

Shops:
D:4 !


Innate Abilities, Weirdness & Mutations

You are too large for most types of armour.
You have tough skin. (AC +1)


Message History

You feel as though you will be slow longer.
The hornet stings you!
* * * LOW HITPOINT WARNING * * *
You feel as though you will be slow longer.
The hornet stings you.
* * * LOW HITPOINT WARNING * * *
You feel as though you will be slow longer.
The ice beast hits you.
* * * LOW HITPOINT WARNING * * *
The ice beast freezes you. You resist.
* * * LOW HITPOINT WARNING * * *
You can move again.
You barely miss the hornet.
Unknown command.
You barely miss the hornet. The hornet stings you.
* * * LOW HITPOINT WARNING * * *
You are lethally poisoned!
You feel as though you will be slow longer.
Unknown command.
You closely miss the hornet.
You are no longer berserk.
Trog's vigour flows through your veins.
You are exhausted.
You feel as though you will be slow longer.
* * * LOW HITPOINT WARNING * * *
The hornet stings you.
* * * LOW HITPOINT WARNING * * *
You feel as though you will be slow longer.
Unknown command.
Unknown command.
You hit the hornet.
The hornet is poisoned.
The hornet is lightly wounded.
* * * LOW HITPOINT WARNING * * *
You feel very sick.
Unknown command.
You feel better. The hornet stings you.
* * * LOW HITPOINT WARNING * * *
You feel as though you will be slow longer.
The hornet stings you.
You die...

.#...#.#.##.......'....'.........
.'.....#....#.#.###..>.########..
.############.#.# #..............
.'............#.# #...........##.
.##############.# ###.........##.
................# #.........##.
################# #########.#..
########## #.#.. #...@?...# #.#..
#....Yy###.# #.#.. #......# #.#
#.#.. ........# #.# #.#.. #
###.....# #.# #.#.. ###.# +....$#
#.### #.#.. ..#.#.
#.....###...######.#.. ......
#.....#.....'....#.#.. ....#
#.....###.##.#..


You could see a hornet (very poisoned) and an ice beast.

Vanquished Creatures
  Joseph (D:7)
  Sigmund (D:3)
  A wyvern (D:8)
  Duvessa (D:5)
  An ice beast (D:6)
  A black bear (D:8)
  3 orc warriors
  3 centaurs
  4 ogres
  3 phantoms
  Blork the orc (D:5)
  2 bullfrogs (D:6)
  A gnoll sergeant (D:6)
  2 scorpions
  Dowan (D:5)
  5 killer bees (D:8)
  5 wights
  3 jellies
  A centaur zombie (D:8)
  A hound (D:7)
  2 orc priests
  4 bullfrog skeletons
  Terence (D:3)
  4 iguanas
  5 orc wizards
  5 worker ants
  A hound zombie (D:7)
  A hound skeleton (D:6)
  A worker ant zombie (D:6)
  7 gnolls
  16 adders
  A shadow imp (D:7)
  2 white imps
  An ufetubus (D:5)
  An adder skeleton (D:5)
  A worm (D:3)
  3 dart slugs
  2 leopard geckos
  26 orcs
  2 ball pythons
  2 giant cockroaches
  4 goblins
  5 hobgoblins
  10 jackals
  9 kobolds
  4 quokkas
  4 bats
  4 frilled lizards
  2 leopard gecko skeletons
  A leopard gecko zombie (D:5)
  3 quokka skeletons
  3 rats
178 creatures vanquished.

Vanquished Creatures (others)
  A wizard (D:6)
1 creature vanquished.

Grand Total: 179 creatures vanquished

Notes
Turn   | Place    | Note
-------+----------+-------------------------------------------
     0 | D:1      | sahdkjhfkaj the Ogre Berserker began the quest for the Orb.
     0 | D:1      | Reached XP level 1. HP: 24/24 MP: 1/1
   400 | D:1      | Reached XP level 2. HP: 30/33 MP: 2/2
   891 | D:2      | Reached XP level 3. HP: 30/41 MP: 3/3
  1119 | D:2      | Found a sacrificial altar of Ru.
  1273 | D:2      | Reached skill level 5 in Fighting
  1614 | D:2      | Reached XP level 4. HP: 43/50 MP: 4/4
  2153 | D:3      | Noticed Sigmund
  2164 | D:3      | Killed Sigmund
  2164 | D:3      | Reached ** piety under Trog
  2165 | D:3      | Reached skill level 5 in Maces & Flails
  2165 | D:3      | Reached XP level 5. HP: 50/58 MP: 5/5
  2165 | D:3      | Reached XP level 6. HP: 57/66 MP: 6/6
  2661 | D:3      | Noticed Terence
  2682 | D:3      | Killed Terence
  3444 | D:3      | Noticed an orc warrior
  3465 | D:3      | Killed an orc warrior
  3466 | D:3      | Reached skill level 6 in Fighting
  3474 | D:3      | HP: 3/68 [orc/+0 trident (3)]
  3479 | D:3      | Reached skill level 7 in Fighting
  3877 | D:3      | Found a basalt altar of Yredelemnul.
  4292 | D:4      | Reached XP level 7. HP: 76/78 MP: 7/7
  4987 | D:4      | Found Xuarausyca's Distillery.
  5340 | D:5      | Entered Level 5 of the Dungeon
  5340 | D:5      | Found a snail-covered altar of Cheibriados.
  5474 | D:5      | Noticed Blork the orc
  5482 | D:5      | Killed Blork the orc
  5483 | D:5      | Reached XP level 8. HP: 76/88 MP: 8/8
  5567 | D:5      | Noticed Duvessa
  5570 | D:5      | Noticed Dowan
  5578 | D:5      | Reached skill level 8 in Fighting
  5586 | D:5      | Killed Dowan
  5587 | D:5      | Killed Duvessa
  5588 | D:5      | Reached skill level 9 in Fighting
  5860 | D:5      | Found a staircase to the Ecumenical Temple.
  5898 | D:5      | Reached skill level 10 in Fighting
  5982 | D:5      | Found a blossoming altar of Fedhas.
  5982 | D:5      | Found a white marble altar of Elyvilon.
  5982 | D:5      | Found a radiant altar of Vehumet.
  6009 | D:5      | Reached *** piety under Trog
  6496 | D:6      | Reached skill level 11 in Fighting
  6586 | D:5      | Reached XP level 9. HP: 59/105 MP: 9/9
  6829 | D:6      | Reached skill level 12 in Fighting
  7242 | D:6      | Reached skill level 13 in Fighting
  7376 | D:6      | Found a bloodstained altar of Trog.
  7377 | D:6      | Noticed a wizard
  7382 | D:6      | Killed a wizard
  7520 | D:6      | Reached **** piety under Trog
  7807 | D:7      | Noticed Joseph
  7823 | D:7      | Killed Joseph
  8323 | D:7      | You fall into a shaft and drop 1 floor!
  9213 | D:8      | Reached XP level 10. HP: 108/119 MP: 10/10
  9250 | D:8      | Found a shimmering blue altar of Sif Muna.
  9251 | D:8      | Found a shimmering altar of Xom.
  9251 | D:8      | Found an iron altar of Okawaru.
  9256 | D:8      | Found a hazy altar of Hepliaklqana.
 10391 | D:7      | Paralysed by a hornet for 3 turns
 10397 | D:7      | HP: 5/119 [hornet (4)]
 10398 | D:7      | HP: 2/119 [poisoned by a hornet]
 10399 | D:7      | Slain by a hornet

Illustrated notes

Levels and vault maps discovered:
D:1:      heliophobic_arrival_enchanted_forest, layout_rooms, serial_rivers,
          chequers_serial_rivers_marsh, chequers_serial_rivers_large_a,
          chequers_serial_rivers_micro_c, chequers_serial_rivers_micro_a,
          ebering_dispersal_statue_hall
D:2:      layout_loops_cross, marbit_many_paths, serial_bayou_pond_d,
          kennysheep_cross_room
D:3:      layout_basic, nicolae_overflow_hidden_temple, uniq_terence,
          uniq_sigmund
D:4:      layout_basic, serial_shops, shop_coins
D:5:      layout_basic, gammafunk_temple_overflow_forgotten,
          minmay_temple_entry_poolview, cheibriados_altar_1, uniq_duvessa,
          uniq_blork_the_orc
D:6:      layout_cave_pools, minmay_fountain_box, trog_wizard
D:7:      layout_basic, grunt_decor_one_mirror, uniq_joseph
D:8:      layout_loops_corners, chequers_temple_overflow_statue_of_worship

Skill      XL: |  1  2  3  4  5  6  7  8  9 |
---------------+----------------------------+-----
Maces & Flails | 3 5 7 9 |  9.8
Fighting       | 5 7 11 13 | 13.2
Dodging        | |  2.6

Action                   |  1- 3 |  4- 6 |  7- 9 | 10-12 || total
-------------------------+-------+-------+-------+-------++-------
Melee: Mace              |    63 |   123 |       |       ||   186
       Dire flail        |       |    28 |   307 |    77 ||   412
Invok: Berserk           |     1 |     4 |     9 |     1 ||    15
       Trog's Hand       |       |     1 |       |       ||     1
  Use: Potion            |       |     3 |       |     1 ||     4
       Scroll            |       |       |     6 |       ||     6
Armor: Animal skin       |    22 |    39 |    33 |       ||    94
       Robe              |       |       |    83 |    25 ||   108
Dodge: Dodged            |    56 |    77 |   198 |    36 ||   367

Table legend: (Time is in decaauts)
 A = Elapsed time spent in this place.
 B = Non-inter-level travel time spent in this place.
 C = Inter-level travel time spent in this place.
 D = Time resting spent in this place.
 E = Time spent auto-exploring this place.
 F = Levels seen in this place.
 G = Mean time per level.
                   A        B        C        D        E       F      G
               +--------+--------+--------+--------+--------+-----+--------+
         Total |  10530 |  10356 |    174 |    219 |   9023 |   8 | 1316.2 |
       Dungeon |  10530 |  10356 |    174 |    219 |   9023 |   8 | 1316.2 |
               +--------+--------+--------+--------+--------+-----+--------+

Top non-repeatable levels by time:
     D:3: 2143 daAuts
     D:5: 1592 daAuts
     D:2: 1439 daAuts
     D:8: 1369 daAuts
     D:7: 1211 daAuts
     D:4: 1104 daAuts
     D:6: 925 daAuts
     D:1: 746 daAuts
